 Dungeon Crawl Stone Soup version 0.28.0-49-g6dfe1f597d (webtiles) character file.

Game seed: 17685336523702714084

21 Exodus22XD the Covered (level 2, 27/27 HPs)
             Began as a Minotaur Fighter on May 14, 2022.
             Was a Follower of Vehumet.
             Quit the game on level 1 of the Dungeon.
             The game lasted 00:00:18 (162 turns).

Exodus22XD the Covered (Minotaur Fighter)            Turns: 162, Time: 00:00:19

Health: 27/27      AC:  7    Str: 20    XL:     2   Next: 62%
Magic:  1/1        EV:  9    Int:  5    God:    Vehumet [*.....]
Gold:   0          SH:  4    Dex:  9    Spells: 1/1 levels left

rFire   . . .      SeeInvis .   a - +0 war axe
rCold   . . .      Faith    .   c - +0 buckler
rNeg    . . .      Spirit   .   b - +0 scale mail
rPois   .          Reflect  .   (helmet restricted)
rElec   .          Harm     .   (no cloak)
rCorr   .          Rampage  .   (no gloves)
Will    .....                   (no boots)
Stlth   ..........              (no amulet)
HPRegen 0.09/turn               (no ring)
MPRegen 0.07/turn               (no ring)

@: no status effects
A: horns 2, retaliatory headbutt
a: Renounce Religion


You were on level 1 of the Dungeon.
You worshipped Vehumet.
Vehumet was aware of your devotion.
You visited 1 branch of the dungeon, and saw 1 of its levels.

Inventory:

Hand Weapons
 a - a +0 war axe (weapon)
Armour
 b - a +0 scale mail (worn)
 c - a +0 buckler (worn)
Potions
 d - a potion of might
 e - a potion of curing {unknown}
 f - a potion of attraction {unknown}


   Skills:
 + Level 3.9 Fighting
 + Level 2.5 Axes
 + Level 4.1 Armour
 + Level 4.0 Shields


You had one spell level left.
You didn't know any spells.
Your spell library was empty.

Dungeon Overview and Level Annotations

Branches:
Dungeon (1/15)

Altars:
Vehumet


Innate Abilities, Weirdness & Mutations

You have a pair of horns on your head.
You reflexively headbutt those who attack you in melee.


Message History

The gnoll shouts!
You hit the fungus.
The fungus begins to die.
The fungus is lightly damaged.
You hit the plant.
The plant begins to die.
You hit the fungus. You headbutt the fungus!
The fungus is lightly damaged.
You hit the plant but do no damage.
A nearby plant withers and dies.
You slash the fungus!
The fungus is lightly damaged.
You hit the plant but do no damage. You slash the kobold!
You kill the kobold!
A nearby plant withers and dies.
A nearby fungus withers and dies.
Your Armour skill increases to level 4!
You block the gnoll's attack.
You hit the plant.
The plant begins to die.
The plant is lightly damaged.
You hit the fungus.
The fungus begins to die.
You closely miss the goblin. You closely miss the gnoll.
The gnoll completely misses you. The goblin barely misses you.
You furiously retaliate!
You headbutt the goblin!
You kill the goblin!
The gnoll barely misses you.
You barely miss the gnoll. You headbutt the gnoll.
The gnoll is lightly wounded.
You slash the plant! You hit the fungus. The gnoll misses you.
You closely miss the gnoll. You headbutt the gnoll!
You kill the gnoll!
You hit the fungus but do no damage. You hit the plant.
A nearby fungus withers and dies.
A nearby plant withers and dies.
Your Shields skill increases to level 4!
You see here a +0 flail.
A kobold comes into view. It is wielding a +0 club.
The kobold shouts!
There is a faded altar of an unknown god here.
You cannot tell which god this altar belongs to.
Convert to them anyway?
Vehumet accepts your prayer! Vehumet welcomes you!
You can now gain magical power from killing.
Vehumet offers you knowledge of Foxfire.
A quokka comes into view.
An endoplasm comes into view.
Are you sure you want to abandon this character and quit the game? (Confirm with "yes".)

....####.#####...>....
####......#...........J#
#......#.# #.........
#........###......K##
#.....#..#...........
#######.>....PP....#
##.....♣♣P...#
#..)...P♣..r#
#..)♣.@..P.#
#....♣P.♣..#
#...P♣P....#
#......P...#
#.#.......## #.........#
###########


You could see an endoplasm (wandering), a quokka (wandering) and a kobold.

Vanquished Creatures
  A gnoll (D:1)
  A hobgoblin (D:1)
  2 kobolds (D:1)
  3 quokkas (D:1)
  A ball python (D:1)
  3 goblins (D:1)
11 creatures vanquished.

Vanquished Creatures (others)
  2 fungi (D:1)
  3 plants (D:1)
5 creatures vanquished.

Grand Total: 16 creatures vanquished

Notes
Turn   | Place    | Note
-------+----------+-------------------------------------------
     0 | D:1      | Exodus22XD the Minotaur Fighter began the quest for the
                  | Orb.
     0 | D:1      | Reached XP level 1. HP: 19/19 MP: 0/0
   128 | D:1      | Reached XP level 2. HP: 27/27 MP: 1/1
   144 | D:1      | Found a faded altar of an unknown god.
   161 | D:1      | Prayed at the altar of an unknown god.
   161 | D:1      | Became a worshipper of Vehumet
   161 | D:1      | Reached * piety under Vehumet
   161 | D:1      | Offered knowledge of Foxfire by Vehumet.
   162 | D:1      | Quit the game

Illustrated notes

Levels and vault maps discovered:
D:1:      wheals_arrival_shading, layout_basic, dreamdust_ecumenical_altar_grove

Skill      XL: |  1  2 |
---------------+-------+-----
Armour         | 4 |  4.1
Shields        | 4 |  4.0
Fighting       | |  3.9
Axes           | |  2.5

Action                   || total
-------------------------++-------
Melee: War axe           ||    14
       Headbutt          ||     4
Armor: Scale mail        ||     2
Dodge: Dodged            ||     7
Block: Buckler           ||     5
